 Dungeon Crawl Stone Soup version 0.28-b1-1-g3c77fb2 (webtiles) character file.

Game seed: 14162894707736250305

83 BALLS the Slasher (level 4, -2/23 HPs)
             Began as a Vine Stalker Fighter on Jan 27, 2022.
             Slain by an ogre (25 damage)
             ... on level 3 of the Dungeon.
             The game lasted 00:03:16 (2262 turns).

BALLS the Slasher (Vine Stalker Fighter)            Turns: 2262, Time: 00:03:16

Health: -2/23      AC:  7    Str: 20    XL:     4   Next: 44%
Magic:  0/5        EV:  9    Int:  8    God:
Gold:   78         SH:  4    Dex: 14    Spells: 3/3 levels left

rFire   . . .      SeeInvis .   a - +0 long sword
rCold   . . .      Faith    .   c - +0 buckler
rNeg    . . .      Spirit   +   b - +0 scale mail
rPois   .          Reflect  .   (no helmet)
rElec   .          Harm     .   (no cloak)
rCorr   .          Rampage  .   e - +0 pair of gloves
Will    .....                   (no boots)
Stlth   ..........              (no amulet)
HPRegen 0.87/turn               (no ring)
MPRegen 0.09/turn               (no ring)

@: no status effects
A: fangs 2, regeneration 1, magic shield, antimagic bite, no potion heal 2
a: no special abilities


You were on level 3 of the Dungeon.
You visited 1 branch of the dungeon, and saw 3 of its levels.

You collected 78 gold pieces.

Inventory:

Hand Weapons
 a - a +0 long sword (weapon)
Armour
 b - a +0 scale mail (worn)
 c - a +0 buckler (worn)
 e - a +0 pair of gloves (worn)
Scrolls
 f - a scroll of teleportation {unknown}
 h - 3 scrolls of vulnerability {unknown}
 k - a scroll of blinking {unknown}
 m - a scroll of torment {unknown}
 n - a scroll of silence {unknown}
Potions
 d - a potion of might
 g - a potion of mutation {unknown}
 i - 2 potions of degeneration {unknown}
 j - a potion of curing {unknown}
 l - a potion of flight {unknown}


   Skills:
 - Level 2.7 Fighting
 + Level 4.1 Long Blades
 - Level 2.4 Armour
 - Level 2.6 Shields


You had 3 spell levels left.
You didn't know any spells.
Your spell library contained the following spells:

 Spells                   Type           Power      Damage    Failure   Level
 Gell's Gravitas          Tloc           0%         N/A       99%         3
 Lesser Beckoning         Tloc           0%         N/A       99%         3
 Teleport Other           Tloc           0%         N/A       99%         3


Dungeon Overview and Level Annotations

Branches:
Dungeon (3/15)

Altars:


Innate Abilities, Weirdness & Mutations

You have extremely sharp teeth.
Your natural rate of healing is unusually fast.
When hurt, damage is shared between your health and your magic reserves.
Your bite disrupts and absorbs the magic of your enemies.
Potions cannot restore your health.


Message History

m - a scroll labelled TIYRHIJEIS You slash the orc!
You kill the orc!
Things that are here:
a +0 flail; a +0 leather armour; an orc corpse
Found a scroll labelled DYSYOXTOBBO.
h - 3 scrolls labelled DYSYOXTOBBO (gained 1)
An endoplasm comes into view.
The endoplasm quivers.
Found an escape hatch in the ceiling.
The endoplasm freezes you.
You are frozen.
You barely miss the endoplasm. You block the endoplasm's attack.
The endoplasm closely misses you.
You slash the endoplasm!
You kill the endoplasm!
A ball python and an ogre come into view.
The ball python hisses angrily.
The ogre shouts!
You hear a shout!
You see here a scroll labelled GIVA UQ HEOSK.
There are monsters nearby!
n - a scroll labelled GIVA UQ HEOSK The ball python bites you but does no damage.
The ball python barely misses you.
An orc comes into view. It is wielding a +0 whip.
The ball python bites you but does no damage.
The ball python grabs you. The ball python constricts you.
You escape the ball python's grasp.
You hit the ball python.
You kill the ball python!
You hit the ogre.
The ogre is moderately wounded.
You block the ogre's attack.
You hit the ogre but do no damage.
The ogre is moderately wounded.
The ogre closely misses you.
You slash the ogre! You bite the ogre. You drain its power.
The ogre is almost dead.
The ogre hits you with a +0 giant club!!
Ouch! That really hurt!
You die...

# ####### #.##
##.....## ...
##..P....##
##<##.###.b..P....#
........#############
##.##......o.O@.....#
#..############.# #..
#...Pbb...#.#### ....
##.......##....########
.....
##...P.###.........)..
.o..... #######
####...#.#### ###..##
##.##.# ##. ###..# #.##


You could see an ogre and an orc.

Vanquished Creatures
  2 adders (D:3)
  5 dart slugs
  An orc (D:3)
  6 endoplasms
  2 giant cockroaches
  2 goblins
  8 hobgoblins
  2 quokkas (D:1)
  4 ball pythons
  7 bats
  A frilled lizard (D:1)
  5 kobolds
  8 rats
53 creatures vanquished.

Notes
Turn   | Place    | Note
-------+----------+-------------------------------------------
     0 | D:1      | BALLS the Vine Stalker Fighter began the quest for the Orb.
     0 | D:1      | Reached XP level 1. HP: 11/11 MP: 2/2
    67 | D:1      | Reached skill level 2 in Long Blades
    98 | D:1      | Reached XP level 2. HP: 10/16 MP: 3/3
   707 | D:1      | Reached skill level 3 in Long Blades
   764 | D:1      | Reached XP level 3. HP: 18/19 MP: 4/4
  2064 | D:3      | Gained mutation: Your natural rate of healing is unusually
                  | fast. [Vine Stalker growth]
  2064 | D:3      | Reached XP level 4. HP: 23/23 MP: 5/5
  2076 | D:3      | Reached skill level 4 in Long Blades
  2248 | D:3      | Noticed an ogre
  2262 | D:3      | Slain by an ogre

Illustrated notes

Levels and vault maps discovered:
D:1:      zaba_arrival_water, layout_basic, hangedman_decor_slide_cut
D:2:      layout_basic, kennysheep_pointless_box
D:3:      minmay_chambers_of_threes, layout_loops_corners, serial_aquarium,
          aquarium_bridge_square [aquarium_subvault_bridge,
          aquarium_subvault_wall, aquarium_subvault_bridge,
          aquarium_subvault_wall], aquarium_bridge_long_separate
          [aquarium_subvault_bridge, aquarium_subvault_balcony,
          aquarium_subvault_bridge, aquarium_subvault_window,
          aquarium_subvault_wall, aquarium_subvault_bridge],
          aquarium_window_double, aquarium_window_1, aquarium_window_1,
          aquarium_view_2a, aquarium_view_2g, aquarium_balcony_3a,
          aquarium_pool_2

Skill      XL: |  1  2  3  4 |
---------------+-------------+-----
Long Blades    | 2 3 4 |  4.1
Fighting       | |  2.7
Armour         | |  2.4
Shields        | |  2.6

Action                   |  1- 3 |  4- 6 || total
-------------------------+-------+-------++-------
Melee: Long sword        |   109 |    26 ||   135
       Bite              |    16 |     5 ||    21
Armor: Scale mail        |    48 |    19 ||    67
Dodge: Dodged            |    50 |    14 ||    64
Block: Buckler           |    15 |     6 ||    21
